[Event "Titled Tuesday Blitz December 13 Early 2022"]
[White "Moskvin, Anatoly"]
[Black "Yeremyan, Alen"]
[WhiteFideId "24199990"]
[BlackFideId "13308998"]
[WhiteElo "2104"]
[BlackElo "2159"]
[Result "0-1"]
[Round "09"]
[TimeControl "180+1"]
[Date "2022.12.14"]
[WhiteClock "0:00:11"]
[BlackClock "0:01:59"]

1. e4 Nf6 2. Nc3 d5 3. e5 d4 4. exf6 dxc3 5. fxg7 cxd2+ 6. Bxd2 Bxg7 7. Qh5 Qd4 8. c3 Qe4+ 9. Be3 Nc6 10. O-O-O Qa4 11. Qd5 Be6 12. Qb5 Qxa2 13. Qxb7 O-O 14. Qxc6 Rab8 15. Kd2 Qxb2+ 16. Ke1 Rbd8 17. Be2 Rxd1+ 18. Bxd1 Bxc3+ 19. Kf1 Rd8 20. Qa4 Bc4+ 21. Ne2 Bb5 22. Qc2 Rxd1+ 23. Qxd1 Bxe2+ 0-1


[Site "https://www.chess.com"]

[Event "Titled Tuesday Blitz December 13 Early 2022"]
[White "Movahed, Sina"]
[Black "Lenderman, Aleksandr"]
[WhiteFideId "42520835"]
[BlackFideId "2021285"]
[WhiteElo "2225"]
[BlackElo "2607"]
[Result "0-1"]
[Round "09"]
[TimeControl "180+1"]
[Date "2022.12.13"]
[WhiteClock "0:00:16"]
[BlackClock "0:00:10"]

1. e4 e6 2. d4 d5 3. e5 c5 4. c3 Nc6 5. Nf3 Qb6 6. Bd3 cxd4 7. O-O Bd7 8. h4 Nge7 9. h5 h6 10. Re1 Rc8 11. Na3 dxc3 12. bxc3 a6 13. Rb1 Qc7 14. c4 dxc4 15. Nxc4 Nd5 16. Bb2 Rd8 17. Nd6+ Bxd6 18. exd6 Qxd6 19. Bxg7 Rg8 20. Bxh6 Nf4 21. Bxf4 Qxf4 22. Rxb7 Nd4 23. Be4 Bc6 24. Bxc6+ Nxc6 25. Qb3 Kf8 26. Qc3 Nd4 27. Qc5+ Kg7 28. Qe5+ Qxe5 29. Nxe5 Rgf8 30. Re3 Nf5 31. Re4 Nd6 32. Rg4+ Kf6 33. Nd7+ Ke7 34. Nxf8+ Nxb7 35. Nh7 Rh8 36. Ng5 Rxh5 37. f4 Nd6 38. Rg3 Rh4 39. Ra3 Rxf4 40. Rxa6 Rc4 41. a4 Rc7 42. a5 Nc4 43. Ne4 Rb7 44. Ra8 Rb5 45. a6 Ra5 46. Ra7+ Kf8 47. Nf6 Ne5 48. Ra8+ Kg7 49. Ne8+ Kg6 50. a7 Nc6 51. Nd6 Rxa7 52. Rxa7 Nxa7 53. Kf2 Nc6 54. Ke3 Ne5 55. Ke4 f6 56. Nb5 Nf7 57. Nd4 Ng5+ 58. Ke3 e5 59. Nc6 Kf5 60. Ne7+ Ke6 61. Nc6 f5 62. g3 Kd6 63. Nb4 Ne6 64. Nd3 Nc7 65. Ne1 Nd5+ 66. Kf2 Kc5 67. Ng2 Kd4 68. Nh4 Ke4 69. Ng6 Ne3 70. Nh4 Ng4+ 71. Ke2 Nf6 72. Nf3 Nh5 73. Ng5+ Kd5 74. Kf3 Nf6 75. Nf7 Ne4 76. Nh6 Nd6 77. Ng8 Ke6 78. Nh6 Kf6 79. g4 f4 80. Ng8+ Kf7 81. Nh6+ Kg7 82. g5 Kg6 83. Ng4 Nf7 84. Ke4 Kxg5 85. Nxe5 Nxe5 0-1


[Site "https://www.chess.com"]

[Event "Titled Tuesday Blitz December 13 Early 2022"]
[White "Namitbir Singh Walia"]
[Black "Liu, Casper"]
[WhiteFideId "35071068"]
[BlackFideId "1454153"]
[WhiteElo "2239"]
[BlackElo "2217"]
[Result "1-0"]
[Round "09"]
[TimeControl "180+1"]
[Date "2022.12.14"]
[WhiteClock "0:00:06"]
[BlackClock "0:00:05"]

1. e4 c6 2. Nf3 d6 3. d4 g6 4. Nc3 Bg7 5. h3 Nd7 6. Be3 b5 7. a3 a6 8. Qd2 Rb8 9. O-O-O Qa5 10. Nb1 b4 11. Bc4 Ngf6 12. e5 Ne4 13. Qd3 d5 14. Bb3 bxa3 15. Nxa3 Nb6 16. g4 Na4 17. Nd2 Be6 18. f3 Nec3 19. bxc3 Nxc3 20. Ndb1 Nxd1 21. Rxd1 O-O 22. Qc3 Qc7 23. f4 f6 24. f5 gxf5 25. gxf5 Bxf5 26. Bxd5+ Kh8 27. Qxc6 Qa5 28. Qc5 Qa4 29. Nc3 Qd7 30. Bc6 Qc8 31. Rg1 Bg6 32. Nc4 Qxh3 33. Qxe7 Rf7 34. Qd6 Rbf8 35. Bd5 Rd7 36. Qc6 fxe5 37. dxe5 Rdd8 38. Rh1 Qf5 39. Be4 Qc8 40. Qxg6 h6 41. Bxh6 Rd7 42. Bxg7+ Kg8 43. Bf6+ Rg7 44. Qxg7# 1-0


[Site "https://www.chess.com"]

[Event "Titled Tuesday Blitz December 13 Early 2022"]
[White "Navara, David"]
[Black "Makhnev, Denis"]
[WhiteFideId "309095"]
[BlackFideId "13707647"]
[WhiteElo "2676"]
[BlackElo "2507"]
[Result "0-1"]
[Round "09"]
[TimeControl "180+1"]
[Date "2022.12.13"]
[WhiteClock "0:00:05"]
[BlackClock "0:00:18"]

1. d4 Nf6 2. c4 e6 3. Nc3 Bb4 4. e3 O-O 5. Bd3 d5 6. cxd5 exd5 7. Ne2 b6 8. O-O c5 9. a3 Ba5 10. b4 cxb4 11. Nb5 Nc6 12. Qb3 a6 13. axb4 Nxb4 14. Na3 Nxd3 15. Qxd3 Bd7 16. Bd2 Bxd2 17. Qxd2 a5 18. Nc3 Qe7 19. Rfb1 Rab8 20. Nab5 Rfc8 21. Rb3 Rc4 22. Rab1 h5 23. h3 Bf5 24. R1b2 Rbc8 25. f3 Bd7 26. Qd3 Bxb5 27. Nxb5 h4 28. Kf2 a4 29. Rc3 Rxc3 30. Nxc3 Qa3 31. Rc2 Qb3 32. Qd2 a3 33. Rc1 b5 34. Nxd5 Rxc1 35. Nxf6+ gxf6 36. Qxc1 Qb2+ 0-1


[Site "https://www.chess.com"]

[Event "Titled Tuesday Blitz December 13 Early 2022"]
[White "Odegov, Artem"]
[Black "Manukian, Artak"]
[WhiteFideId "34183644"]
[BlackFideId "13301373"]
[WhiteElo "2300"]
[BlackElo "2130"]
[Result "1/2-1/2"]
[Round "09"]
[TimeControl "180+1"]
[Date "2022.12.14"]
[WhiteClock "0:00:07"]
[BlackClock "0:00:09"]

1. d4 d5 2. c4 dxc4 3. Nf3 Nf6 4. e3 e6 5. Bxc4 c5 6. O-O a6 7. Qe2 b5 8. Bd3 Bb7 9. dxc5 Bxc5 10. Bxb5+ axb5 11. Qxb5+ Nbd7 12. Qxb7 O-O 13. Nc3 Nb6 14. Rd1 Qe8 15. b3 Nfd5 16. Ne4 Qb5 17. Rxd5 exd5 18. Nc3 Qd3 19. Bb2 Rab8 20. Qc7 Rfc8 21. Qe5 Nc4 22. bxc4 Rxb2 23. Nxd5 Rb1+ 24. Ne1 Rxa1 25. Qxa1 Qxc4 26. Nf4 Bb4 27. Nfd3 Bxe1 28. Nxe1 Qc1 29. Qxc1 Rxc1 30. Kf1 Ra1 31. Ke2 Rxa2+ 32. Kf3 f5 33. Nd3 g6 34. h3 Kg7 35. Nf4 Ra5 36. Ne6+ Kf6 37. Nd4 g5 38. g3 h5 39. Ne2 Ra2 40. Nd4 Rb2 41. Nc6 g4+ 42. hxg4 fxg4+ 43. Kg2 Kg5 44. Ne5 Rd2 45. Nc4 Ra2 46. Ne5 Ra8 47. Nd3 Kf5 48. Nf4 Rh8 49. Kf1 Ke4 50. Ke2 h4 51. gxh4 Rxh4 52. Kf1 Kf3 53. Kg1 g3 54. fxg3 Kxg3 55. Ne2+ Kf3 56. Kf1 Kxe3 57. Ng1 Rh2 58. Ke1 Rf2 59. Nh3 Rg2 60. Kf1 Rh2 61. Ng1 Ra2 62. Nh3 Kf3 63. Ng1+ Kg3 64. Ne2+ Kf3 65. Ng1+ Ke3 66. Nh3 Rh2 67. Ng1 Rf2+ 68. Ke1 Rb2 69. Kf1 Rb1+ 70. Kg2 Kf4 71. Kf2 Kg4 72. Ne2 Rb2 73. Ke3 Kf5 74. Kd3 Ke6 75. Nf4+ Ke5 76. Ne2 Kd5 77. Nc3+ Kc5 78. Ne4+ Kb4 79. Kd4 Rb3 80. Nc5 Rh3 81. Nd3+ Kb5 82. Nf4 Rh5 83. Nxh5 1/2-1/2


[Site "https://www.chess.com"]

[Event "Titled Tuesday Blitz December 13 Early 2022"]
[White "Orlov, Georgi"]
[Black "Szyszylo, Rafal"]
[WhiteFideId "2011271"]
[BlackFideId "1109626"]
[WhiteElo "2512"]
[BlackElo "1981"]
[Result "1/2-1/2"]
[Round "09"]
[TimeControl "180+1"]
[Date "2022.12.14"]
[WhiteClock "0:00:11"]
[BlackClock "0:00:08"]

1. d4 d6 2. e4 g6 3. Nf3 Nf6 4. Nc3 Bg7 5. Be2 O-O 6. O-O Nc6 7. Bf4 Bg4 8. d5 Nb8 9. Qd2 c6 10. a4 cxd5 11. exd5 Bxf3 12. Bxf3 Nbd7 13. Rfe1 Re8 14. a5 a6 15. Na4 Rc8 16. Rab1 Qc7 17. Re2 Ne5 18. Bxe5 dxe5 19. Nb6 Rcd8 20. c4 Nd7 21. Nxd7 Rxd7 22. b4 e6 23. Qa2 exd5 24. Bxd5 Kh8 25. Rbe1 f5 26. f3 Red8 27. Qb3 b6 28. axb6 Qxb6+ 29. c5 Qc7 30. Rd1 a5 31. Red2 axb4 32. Qxb4 Rb8 33. Qc4 Rbd8 34. Rd3 Bf8 35. c6 Rd6 36. Kh1 Bg7 37. g3 Rb8 38. Be4 Rbd8 39. Rxd6 Rxd6 40. Rxd6 Qxd6 41. c7 Qd1+ 42. Kg2 Qd2+ 43. Kf1 Qd1+ 44. Kf2 Qd2+ 45. Kf1 Qd1+ 46. Kg2 Qd2+ 47. Kh3 Qh6+ 48. Kg2 Qd2+ 1/2-1/2


[Site "https://www.chess.com"]

[Event "Titled Tuesday Blitz December 13 Early 2022"]
[White "Osmak, Yuliia"]
[Black "Ohanyan, Emin"]
[WhiteFideId "14101602"]
[BlackFideId "13312022"]
[WhiteElo "2328"]
[BlackElo "2352"]
[Result "1-0"]
[Round "09"]
[TimeControl "180+1"]
[Date "2022.12.13"]
[WhiteClock "0:00:07"]
[BlackClock "0:00:03"]

1. e4 e5 2. Nf3 Nc6 3. Bb5 f5 4. d3 fxe4 5. dxe4 Nf6 6. O-O Bc5 7. Bxc6 bxc6 8. Nxe5 O-O 9. Nd3 Nxe4 10. Nxc5 Nxc5 11. Be3 Ne6 12. Nd2 d5 13. Nb3 Qf6 14. c3 Qg6 15. Kh1 Ba6 16. Re1 Bd3 17. Qd2 Be4 18. Rg1 Rf3 19. Qe2 Rf7 20. f3 Bd3 21. Qd2 h5 22. Nc5 Nxc5 23. Bxc5 h4 24. Rad1 Bf5 25. h3 Qh5 26. Qf2 a5 27. Rd4 g5 28. Re1 Kh7 29. Rd2 Rg8 30. Rde2 Qg6 31. Re7 Rgg7 32. Re8 Rg8 33. Bd4 Bd7 34. R8e7 Bf5 35. R1e3 Rf8 36. Qe1 a4 37. Rxf7+ Rxf7 38. Re8 Qd6 39. Rh8+ Kg6 40. Qe8 Be6 41. Qg8+ Kf5 42. Rh5 Qf4 43. Rh7 Qc1+ 44. Kh2 Qf4+ 45. Kh1 Qc1+ 46. Bg1 Rxh7 47. Qxh7+ Kf6 48. Qxc7 Qd1 49. Qxc6 Kf7 50. Qc7+ Kg6 51. Qd6 Kf7 52. Qc7+ Kg6 53. Qe5 Kf7 54. Qxg5 Qc2 55. Qxh4 Qxb2 56. Qf4+ Kg6 57. Qxa4 Qxc3 58. Qf4 Qc2 59. a4 Bf5 60. a5 Bd3 61. Qd6+ Kh7 62. Qxd5 Bf1 63. Qh5+ Kg7 64. Qg4+ Kh7 65. a6 Bxa6 66. Qd7+ Kg8 67. Qd8+ Kf7 68. Qd7+ Kg8 69. Qe6+ Kh7 70. Qxa6 Qd1 71. Qa7+ Kg6 72. Qb6+ Kf5 73. Qd4 Qf1 74. Qe4+ Kg5 75. Qg4+ Kf6 76. h4 Qa1 77. Kh2 Qe5+ 78. Qg3 Qa1 79. h5 Kf7 80. Qg4 Qd1 81. Bf2 Qxf3 82. Qxf3+ 1-0


[Site "https://www.chess.com"]

[Event "Titled Tuesday Blitz December 13 Early 2022"]
[White "Ovchinnikov, Vsevolod"]
[Black "Berezin, Viktor"]
[WhiteFideId "24176842"]
[BlackFideId "14107872"]
[WhiteElo "2376"]
[BlackElo "2310"]
[Result "1/2-1/2"]
[Round "09"]
[TimeControl "180+1"]
[Date "2022.12.14"]
[WhiteClock "0:00:07"]
[BlackClock "0:00:05"]

1. d4 Nf6 2. c4 g6 3. Nc3 Bg7 4. e4 O-O 5. Nf3 d6 6. h3 Na6 7. Be3 e5 8. d5 Nc5 9. Nd2 a5 10. g4 c6 11. a3 a4 12. Be2 Nfd7 13. h4 f5 14. gxf5 gxf5 15. exf5 Nb6 16. Bxc5 dxc5 17. Nde4 Bxf5 18. Nxc5 cxd5 19. cxd5 Rc8 20. Ne6 Bxe6 21. dxe6 Qf6 22. Ne4 Qf4 23. e7 Qxe4 24. exf8=Q+ Rxf8 25. Rf1 Qxh4 26. Qd6 Nc8 27. Qe6+ Kh8 28. Rc1 Ne7 29. Qg4 Qh6 30. Rc7 Nd5 31. Qxg7+ Qxg7 32. Rxg7 Kxg7 33. Rg1+ Kf6 34. Rh1 Kg6 35. Bd3+ Kg5 36. Rxh7 Nf4 37. Bc2 Rc8 38. Bd1 b5 39. Rd7 Rc5 40. Rd2 Kf5 41. f3 Nd5 42. Bc2+ Kf4 43. Be4 Ne3 44. Ke2 Rc1 45. Rd8 Nc4 46. Rf8+ Kg3 47. Rb8 Nxb2 48. Rxb5 Nc4 49. Rb4 Kf4 50. Rxa4 Nb2 51. Rb4 Nc4 52. a4 Nd6 53. Bd3+ Kg5 54. a5 Ra1 55. a6 e4 56. fxe4 Kf6 57. Rb6 Ke5 58. Rc6 Nxe4 59. Bxe4 Kxe4 60. Kd2 Kd5 61. Rh6 Kc5 62. Kc3 Kb5 63. Kb2 Ra4 64. Kb3 Rxa6 65. Rxa6 Kxa6 1/2-1/2


[Site "https://www.chess.com"]

[Event "Titled Tuesday Blitz December 13 Early 2022"]
[White "Papasimakopoulos, Alexandros"]
[Black "Bethke, Richard"]
[WhiteFideId "4244125"]
[BlackFideId "12959243"]
[WhiteElo "2384"]
[BlackElo "2369"]
[Result "1-0"]
[Round "09"]
[TimeControl "180+1"]
[Date "2022.12.14"]
[WhiteClock "0:00:53"]
[BlackClock "0:00:48"]

1. d4 f5 2. e4 fxe4 3. Nc3 Nf6 4. Bg5 Nc6 5. d5 Ne5 6. Qd4 Nf7 7. h4 e5 8. dxe6 dxe6 9. Qxd8+ Nxd8 10. O-O-O Nc6 11. Nb5 Nd5 12. c4 a6 13. cxd5 axb5 14. dxc6 bxc6 15. Kb1 e5 16. Rd8+ Kf7 17. Be3 Ke7 18. Rd2 Be6 19. b3 Kf7 20. Ne2 Ba3 21. Ng3 Rhd8 22. Rxd8 Rxd8 23. Be2 Bd5 24. Bd1 c5 25. Bc2 c4 26. Rd1 cxb3 27. Bxb3 c6 28. Nxe4 Ke8 29. Nc3 Bxg2 30. Rxd8+ Kxd8 31. Bc2 Bb4 32. Be4 Bf1 33. Kc2 c5 34. Bxh7 Bc4 35. Bd3 Be6 36. Bxb5 Bxc3 37. Kxc3 Bxa2 38. Bxc5 Bb1 39. Kd2 Bf5 40. Bd6 e4 41. Ke3 1-0


[Site "https://www.chess.com"]

[Event "Titled Tuesday Blitz December 13 Early 2022"]
[White "Paravyan, David"]
[Black "Moroni, Luca Jr"]
[WhiteFideId "4194985"]
[BlackFideId "865834"]
[WhiteElo "2551"]
[BlackElo "2573"]
[Result "1-0"]
[Round "09"]
[TimeControl "180+1"]
[Date "2022.12.13"]
[WhiteClock "0:01:32"]
[BlackClock "0:00:23"]

1. e4 d6 2. d4 e5 3. Nf3 exd4 4. Nxd4 Nf6 5. Nc3 Be7 6. Bf4 O-O 7. Be2 Re8 8. Qd2 Bf8 9. f3 a6 10. O-O-O b5 11. Bg5 Be7 12. h4 b4 13. Nd5 Nxd5 14. exd5 a5 15. Bd3 Bf6 16. Rde1 Rxe1+ 17. Rxe1 Bd7 18. Bf5 h6 19. Bxf6 Qxf6 20. g4 Qxh4 21. Qe3 Qf6 22. Qe8+ Bxe8 23. Rxe8# 1-0


[Site "https://www.chess.com"]

[Event "Titled Tuesday Blitz December 13 Early 2022"]
[White "Qashashvili, Alexandre"]
[Black "Fernandez Garcia, Gumersindo"]
[WhiteFideId "13600842"]
[BlackFideId "24516740"]
[WhiteElo "2405"]
[BlackElo "2140"]
[Result "1-0"]
[Round "09"]
[TimeControl "180+1"]
[Date "2022.12.14"]
[WhiteClock "0:00:14"]
[BlackClock "0:00:15"]

1. e4 c5 2. Nc3 g6 3. g3 Bg7 4. Bg2 d6 5. d3 Nc6 6. Be3 Nf6 7. Nf3 O-O 8. h3 b6 9. Qd2 d5 10. exd5 Nxd5 11. Bh6 Nxc3 12. bxc3 Bb7 13. h4 Qc7 14. h5 Ne5 15. hxg6 Nxf3+ 16. Bxf3 Qe5+ 17. Kf1 Bxf3 18. Bxg7 Qxg7 19. gxh7+ Kh8 20. Rh4 f5 21. Re1 Bd5 22. c4 Bc6 23. Qe3 Rae8 24. Qe6 Rf6 25. Qe5 Ba8 26. Re3 f4 27. gxf4 Ref8 28. Rg3 Qf7 29. Qg5 Rf5 30. Qg8+ Rxg8 31. hxg8=Q# 1-0


[Site "https://www.chess.com"]

[Event "Titled Tuesday Blitz December 13 Early 2022"]
[White "Raahul V S"]
[Black "Korchmar, Vasiliy"]
[WhiteFideId "25035525"]
[BlackFideId "24131750"]
[WhiteElo "2202"]
[BlackElo "2370"]
[Result "0-1"]
[Round "09"]
[TimeControl "180+1"]
[Date "2022.12.14"]
[WhiteClock "0:00:33"]
[BlackClock "0:00:34"]

1. b3 d5 2. Bb2 Bg4 3. f3 Bh5 4. e4 dxe4 5. g4 Bg6 6. Qe2 Nf6 7. Nc3 exf3 8. Nxf3 e6 9. O-O-O Nxg4 10. Qb5+ Nd7 11. Qxb7 Nf2 12. Bb5 Bd6 13. Bxd7+ Kxd7 14. Nd4 Qc8 15. Qc6+ Ke7 16. Rde1 Nxh1 17. Qxh1 Re8 18. h4 h5 19. Qg2 Kf8 20. Nf3 Qb7 21. Qe2 Kg8 22. Rg1 Rad8 23. Ng5 Bf4 24. Kb1 Rxd2 25. Qc4 Rxc2 26. Ka1 Be5 0-1


[Site "https://www.chess.com"]

[Event "Titled Tuesday Blitz December 13 Early 2022"]
[White "Rakhmanov, Aleksandr"]
[Black "Czopor, Maciej"]
[WhiteFideId "4173708"]
[BlackFideId "21805431"]
[WhiteElo "2767"]
[BlackElo "2616"]
[Result "1-0"]
[Round "09"]
[TimeControl "180+1"]
[Date "2022.12.14"]
[WhiteClock "0:02:22"]
[BlackClock "0:01:42"]

1. d4 Nf6 2. c4 g6 3. Nc3 Bg7 4. h3 O-O 5. e4 d6 6. Be3 e5 7. d5 a5 8. g4 Na6 9. Nge2 Nc5 10. Ng3 h5 11. gxh5 c6 12. Rg1 Kh7 13. hxg6+ fxg6 14. Be2 cxd5 15. cxd5 Bd7 16. h4 b5 17. h5 b4 18. hxg6+ Kg8 19. Bxc5 bxc3 20. Bxd6 cxb2 21. Rb1 Qb6 22. Bxf8 Rxf8 23. Qb3 Qa7 24. d6+ 1-0


[Site "https://www.chess.com"]

[Event "Titled Tuesday Blitz December 13 Early 2022"]
[White "Rakhmatullaev, Almas"]
[Black "Aldokhin, Ivan"]
[WhiteFideId "14205793"]
[BlackFideId "24115720"]
[WhiteElo "2744"]
[BlackElo "2603"]
[Result "1-0"]
[Round "09"]
[TimeControl "180+1"]
[Date "2022.12.14"]
[WhiteClock "0:00:08"]
[BlackClock "0:00:03"]

1. e4 c5 2. c3 e6 3. Nf3 Nc6 4. d4 cxd4 5. cxd4 d5 6. e5 Nge7 7. Bd3 Nf5 8. Bxf5 exf5 9. O-O Be7 10. Nc3 Be6 11. Qb3 Rb8 12. Be3 g5 13. g3 Rg8 14. Kh1 Qd7 15. Rg1 h5 16. Rae1 b5 17. Ne2 Na5 18. Qd1 Nc4 19. Bc1 b4 20. b3 Na5 21. h4 f4 22. gxf4 Bg4 23. Nh2 Qf5 24. f3 Bh3 25. Ng3 Qd7 26. fxg5 Rc8 27. Nxh5 Rc3 28. Nf6+ Bxf6 29. exf6+ Be6 30. Bf4 Qc6 31. g6 Rxg6 32. Rxg6 fxg6 33. Qe2 Kf7 34. Ng4 Rc2 35. Ne5+ Kxf6 36. Bg5+ Kg7 37. Nxc6 Rxe2 38. Rxe2 Nxc6 39. Rxe6 Nxd4 40. Re7+ Kf8 41. Rxa7 Nxf3 42. Be7+ Kf7 43. Bxb4+ Ke6 44. Bc5 d4 45. Ra6+ Kd5 46. Bxd4 Kxd4 47. Rxg6 Nxh4 48. Rg4+ Kc3 49. Rxh4 1-0


[Site "https://www.chess.com"]

[Event "Titled Tuesday Blitz December 13 Early 2022"]
[White "Ramu, K."]
[Black "La Villa Rivas, Marlon Javier"]
[WhiteFideId "5006171"]
[BlackFideId "3519546"]
[WhiteElo "2156"]
[BlackElo "2135"]
[Result "1-0"]
[Round "09"]
[TimeControl "180+1"]
[Date "2022.12.14"]
[WhiteClock "0:00:26"]
[BlackClock "0:01:10"]

1. e4 c5 2. Nf3 Nc6 3. d3 d6 4. g3 g6 5. Bg2 Bg7 6. O-O e5 7. c3 Nge7 8. a3 O-O 9. b4 b6 10. Be3 h6 11. b5 Nb8 12. d4 Nd7 13. Nbd2 f5 14. dxc5 bxc5 15. exf5 gxf5 16. Nc4 d5 17. Nd6 e4 18. Nh4 Bxc3 19. Bxh6 Bg7 20. Qh5 Bxh6 21. Qxh6 Nf6 22. Qg5+ Kh7 23. Ndxf5 Nxf5 24. Qg6+ Kh8 25. Nxf5 Qd7 26. Ne3 Qg7 27. Qxg7+ Kxg7 28. Rac1 d4 29. Nc4 Be6 30. Nd6 Bd5 31. Rxc5 Rad8 32. Nf5+ Kf7 33. Nxd4 Ba8 34. Nc6 Rd2 35. Nxa7 e3 36. Bxa8 e2 37. Re1 Rd1 38. Rc1 Rxa8 39. Rcxd1 exd1=Q 40. Rxd1 Rxa7 41. Rd3 Ra5 42. Rb3 Nd7 43. b6 Ke6 44. b7 Nb8 45. h4 Kf5 46. Kg2 Rc5 47. Rb4 Rc3 48. g4+ Ke5 49. a4 Rc6 50. h5 Kf6 51. Kg3 Rc3+ 52. f3 Kg5 53. Rb5+ Kf6 54. g5+ Kg7 55. a5 1-0


[Site "https://www.chess.com"]

[Event "Titled Tuesday Blitz December 13 Early 2022"]
[White "Rangel, Daniel"]
[Black "Sargissyan, Sargis"]
[WhiteFideId "2124475"]
[BlackFideId "13303210"]
[WhiteElo "2225"]
[BlackElo "2109"]
[Result "1-0"]
[Round "09"]
[TimeControl "180+1"]
[Date "2022.12.14"]
[WhiteClock "0:00:19"]
[BlackClock "0:00:04"]

1. d4 d6 2. c4 e5 3. Nc3 exd4 4. Qxd4 Nc6 5. Qd2 Be6 6. b3 Nf6 7. e4 a5 8. Bb2 a4 9. Bd3 a3 10. Bc1 g6 11. Nge2 Bg7 12. O-O O-O 13. Rb1 Nb4 14. Nd5 Nxd3 15. Qxd3 Nd7 16. Be3 Ne5 17. Qc2 f5 18. Nd4 Bd7 19. exf5 gxf5 20. Nf4 Qe8 21. Rbe1 c6 22. h3 Kh8 23. Kh2 Qf7 24. Qd1 Ng6 25. Nf3 Be5 26. Nxe5 dxe5 27. Nxg6+ hxg6 28. Qa1 Kh7 29. Qxe5 Rae8 30. Qf4 Re4 31. Qh6+ Kg8 32. f3 Re6 33. Bd4 Qh7 34. Qxh7+ Kxh7 35. Bc5 Rfe8 36. Rxe6 Rxe6 37. Rf2 Re1 38. Bxa3 f4 39. Bb2 g5 40. Bd4 Bf5 41. Bb6 Kg6 42. Rb2 Bd3 43. a4 Rb1 44. Rxb1 Bxb1 45. b4 Bc2 46. a5 Bd3 47. c5 Kf5 48. Bd8 Ba6 49. Kg1 Bb5 50. Kf2 Bc4 51. g3 fxg3+ 52. Kxg3 Bb5 53. Bc7 Bf1 54. f4 gxf4+ 55. Bxf4 Bxh3 56. Kxh3 Kxf4 57. b5 cxb5 58. c6 1-0


[Site "https://www.chess.com"]

[Event "Titled Tuesday Blitz December 13 Early 2022"]
[White "Rian, Kapriaga"]
[Black "Thorhallsson, Simon"]
[WhiteFideId "7103263"]
[BlackFideId "2310090"]
[WhiteElo "2286"]
[BlackElo "2108"]
[Result "1-0"]
[Round "09"]
[TimeControl "180+1"]
[Date "2022.12.14"]
[WhiteClock "0:00:45"]
[BlackClock "0:00:52"]

1. d4 Nf6 2. Nf3 c5 3. e3 e6 4. b3 d5 5. Bb2 Nc6 6. Nbd2 cxd4 7. exd4 Bd6 8. a3 O-O 9. Bd3 Re8 10. O-O e5 11. dxe5 Nxe5 12. Nxe5 Bxe5 13. Bxe5 Rxe5 14. Re1 Bg4 15. Qc1 Qe7 16. h3 Bh5 17. Rxe5 Qxe5 18. Qe1 Qc3 19. Nf1 Qc7 20. Qe3 Re8 21. Qxa7 Bg6 22. Qd4 Bxd3 23. Qxd3 Qe5 24. Rd1 Rc8 25. Ne3 Rc3 26. Qd4 Qc7 27. Nxd5 Nxd5 28. Qxd5 g6 29. Qd8+ Qxd8 30. Rxd8+ Kg7 31. Rd7 Rxc2 32. Rxb7 Ra2 33. a4 Ra3 34. Rb5 h6 35. a5 h5 36. b4 h4 37. Rb6 f6 38. a6 g5 39. b5 f5 40. f3 f4 41. Rc6 Ra5 42. Rc7+ Kf6 43. a7 Ra1+ 44. Kh2 1-0


[Site "https://www.chess.com"]

[Event "Titled Tuesday Blitz December 13 Early 2022"]
[White "Rodriguez Fontecha, Marcos"]
[Black "Khoroshev, Nikita"]
[WhiteFideId "2256576"]
[BlackFideId "14200287"]
[WhiteElo "2263"]
[BlackElo "2354"]
[Result "0-1"]
[Round "09"]
[TimeControl "180+1"]
[Date "2022.12.14"]
[WhiteClock "0:00:07"]
[BlackClock "0:00:45"]

1. Nf3 Nf6 2. d4 g6 3. Bf4 Bg7 4. Nc3 d6 5. Qd2 c6 6. Bh6 O-O 7. h4 Bg4 8. O-O-O Qa5 9. Kb1 b5 10. Nd5 Qxd2 11. Nxf6+ Bxf6 12. Nxd2 Rc8 13. f3 Be6 14. Bg5 Nd7 15. Ne4 Bxg5 16. Nxg5 Nf8 17. Nxe6 Nxe6 18. e4 a6 19. h5 Kg7 20. e5 dxe5 21. dxe5 Rd8 22. h6+ Kf8 23. Bd3 c5 24. Be4 Rab8 25. Kc1 f5 26. exf6 exf6 27. Rxd8+ Rxd8 28. Rd1 Rxd1+ 29. Kxd1 Nd8 30. g4 Nf7 31. Bb7 a5 32. Ke2 Nxh6 33. Bc6 b4 34. Kd3 Ke7 35. Kc4 Kd6 36. Kb5 Nf7 37. Be4 Ng5 38. Ba8 Ne6 39. f4 Nc7+ 40. Kxa5 Nxa8 41. g5 fxg5 42. fxg5 Kc6 43. a4 bxa3 44. bxa3 Nc7 45. a4 Ne6 46. Ka6 Nxg5 47. a5 Ne6 48. Ka7 Nc7 0-1


[Site "https://www.chess.com"]

[Event "Titled Tuesday Blitz December 13 Early 2022"]
[White "Roque Sola, Gisela"]
[Black "Gjestemoen-VonHirsch, Andre"]
[WhiteFideId "5120241"]
[BlackFideId "1539531"]
[WhiteElo "1961"]
[BlackElo "2198"]
[Result "0-1"]
[Round "09"]
[TimeControl "180+1"]
[Date "2022.12.14"]
[WhiteClock "0:00:16"]
[BlackClock "0:00:30"]

1. e4 g6 2. d4 Bg7 3. Be3 c5 4. c3 d5 5. dxc5 dxe4 6. Qxd8+ Kxd8 7. Nd2 Nf6 8. Bc4 Ke8 9. h3 Nc6 10. Ne2 Ne5 11. Bd4 Nxc4 12. Nxc4 Be6 13. Nd2 Bd5 14. O-O Nh5 15. Bxg7 Nxg7 16. b4 f5 17. c4 Bf7 18. a4 Rd8 19. Rfd1 Ne6 20. Nb3 Rd7 21. Rxd7 Kxd7 22. Rd1+ Kc7 23. Nbd4 Nxd4 24. Rxd4 e5 25. Rd6 Bxc4 26. Nc3 Rd8 27. Rxd8 Kxd8 28. g4 Kc7 29. Kg2 f4 30. Nxe4 Bd5 31. f3 Bxe4 32. fxe4 Kc6 33. Kf3 a5 34. bxa5 Kxc5 35. g5 Kb4 36. h4 Kxa5 0-1


[Site "https://www.chess.com"]

[Event "Titled Tuesday Blitz December 13 Early 2022"]
[White "Royal, Shreyas"]
[Black "Domingo Nunez, Ruben"]
[WhiteFideId "448869"]
[BlackFideId "22245570"]
[WhiteElo "2331"]
[BlackElo "2406"]
[Result "0-1"]
[Round "09"]
[TimeControl "180+1"]
[Date "2022.12.14"]
[WhiteClock "0:01:18"]
[BlackClock "0:01:28"]

1. e4 a6 2. d4 h6 3. Bc4 e6 4. Nf3 b5 5. Bb3 Bb7 6. Nbd2 c5 7. c3 Nc6 8. O-O Nf6 9. a4 Qb6 10. e5 Nh7 11. dxc5 Bxc5 12. Ne4 Be7 13. Be3 Qc7 14. Nd6+ Bxd6 15. exd6 Qb8 16. Bb6 O-O 17. Qd3 b4 18. Bc2 f5 19. Bc7 Qe8 20. Rae1 Qg6 21. Kh1 Nf6 22. Qc4 a5 23. Nh4 Qg5 24. Nf3 Qh5 25. Qf4 g5 26. Qe3 Ng4 27. Qd2 Nce5 28. Rxe5 Bxf3 29. h3 Qxh3+ 0-1


[Site "https://www.chess.com"]